 Dungeon Crawl Stone Soup version 0.18-a0-824-g47fe746 (webtiles) character file.

9 Raultor the Skirmisher (level 2, 13/24 HPs)
             Began as a Demonspawn Fighter on Dec 17, 2015.
             Quit the game on level 1 of the Dungeon.
             The game lasted 00:00:37 (130 turns).

Raultor the Skirmisher (Demonspawn Fighter)          Turns: 130, Time: 00:00:38

Health: 13/24      AC:  6    Str: 16    XL:     2   Next: 3%
Magic:  2/2        EV:  6    Int:  9    God:
Gold:   0          SH:  8    Dex: 12    Spells: 0 memorised, 1 level left

rFire  . . .     SeeInvis .     a - +0 flail
rCold  . . .     Gourm    .     b - +0 scale mail
rNeg   . . .     Faith    .     c - +0 shield
rPois  .         Spirit   .     (no helmet)
rElec  .         Dismiss  .     (no cloak)
rCorr  .         Reflect  .     (no gloves)
SustAt .         Harm     .     (no boots)
MR     .....                    (no amulet)
Stlth  +.........               (no ring)
                                (no ring)

@: not resistant to hostile enchantments, very unstealthy
A: nightstalker 1
a: no special abilities


You were on level 1 of the Dungeon.
You were not hungry.

You visited 1 branch of the dungeon, and saw 1 of its levels.

Inventory:

Hand Weapons
 a - a +0 flail (weapon)
Armour
 b - a +0 scale mail (worn)
 c - a +0 shield (worn)
Scrolls
 e - a scroll of identify {unknown}
 h - a scroll of immolation {unknown}
Potions
 d - a potion of might
Comestibles
 f - 2 bread rations {@e1}
 g - 2 chunks of flesh {@w0}


   Skills:
 + Level 3.0 Fighting
 * Level 2.2 Maces & Flails
 + Level 2.8 Armour
 + Level 2.7 Shields


You had one spell level left.
You didn't know any spells.

Dungeon Overview and Level Annotations

Branches:
Dungeon (1/15)

Altars:


Innate Abilities, Weirdness & Mutations

You are slightly more attuned to the shadows.


Message History

You miss the bat. The bat hits you but does no damage.
The bat hits you but does no damage. The bat closely misses you.
You block the bat's attack.
You closely miss the bat. The bat hits you but does no damage.
You block the bat's attack. You block the bat's attack.
The bat closely misses you.
You closely miss the bat. The bat hits you but does no damage.
You block the bat's attack. The bat hits you but does no damage.
The bat hits you but does no damage. The bat hits you but does no damage.
You block the bat's attack.
You barely miss the bat. The bat barely misses you. You block the bat's attack.
You barely miss the bat. The bat hits you. The bat hits you but does no damage.
You hit the bat. The bat hits you but does no damage.
The bat barely misses you. The bat barely misses you.
You block the bat's attack. The bat hits you but does no damage.
You take 1 damage, and have 13/18 hp.
You block the bat's attack. The bat hits you but does no damage.
The bat hits you but does no damage. You block the bat's attack.
You block the bat's attack.
You miss the bat. The bat hits you but does no damage.
You hit the bat.
You kill the bat!
No target in view!
No target in view!
No target in view!
No target in view!
No target in view!
No target in view!
No target in view!
No target in view!
No target in view!
No target in view!
No target in view!
No target in view!
No target in view!
No target in view!
No target in view!
No target in view!
No target in view!
No target in view!
No target in view!
No target in view!
No target in view!
No target in view!
No target in view!
No target in view!
No target in view!
No target in view!
No target in view!
No target in view!
No target in view!
No target in view!
No target in view!
You see here a bat corpse.
You butcher the bat corpse.
g - 2 chunks of flesh {@w0} (gained 1)
f - 2 bread rations {@e1} (gained 1)
e - a scroll labeled OSAMNE ASSOI A kobold comes into view.
It is wielding a club.
The kobold throws a stone.
You block the stone.
The kobold throws a stone.
The stone hits you but does no damage.
You see here a stone.
The kobold hits you with a club.
You take 1 damage, and have 15/18 hp.
You sock the kobold!
You kill the kobold!
No target in view!
No target in view!
No target in view!
No target in view!
Things that are here:
a club; a kobold corpse
h - a scroll labeled ANOAPEOMIPT A giant gecko comes into view.
The giant gecko bites you. The giant gecko barely misses you.
You take 2 damage, and have 14/18 hp.
You completely miss the giant gecko.
The giant gecko bites you but does no damage.
You hit the giant gecko.
The giant gecko bites you but does no damage.
The giant gecko bites you.
You take 4 damage, and have 10/18 hp.
MASSIVE DAMAGE!!
You hit the giant gecko.
You kill the giant gecko!
You have reached level 2!
Your demonic ancestry asserts itself...
You slip into the darkness of the dungeon.
You regained 3 hp, and now have 13/24 hp.
MP restored: 2

###### #######
##.....##.....##
#..............###
.................# #####
.................# #....
.................# #..##
.................####.##
......†@................
........................
#.......................
##.....#......)...(.....
#######.####...........
#.# #.#..#..##.. #.#
#..#.....### #..
#..#.#...#


There were no monsters in sight!

Vanquished Creatures
  A giant gecko (D:1)
  A giant cockroach (D:1)
  A hobgoblin (D:1)
  A kobold (D:1)
  2 bats (D:1)
  2 rats (D:1)
8 creatures vanquished.

Notes
Turn   | Place    | Note
--------------------------------------------------------------
     0 | D:1      | Raultor the Demonspawn Fighter began the quest for the Orb.
     0 | D:1      | Reached XP level 1. HP: 18/18 MP: 1/1
    20 | D:1      | Reached skill level 2 in Maces & Flails
   129 | D:1      | Gained mutation: You are slightly more attuned to the shadows. [demonic ancestry]
   129 | D:1      | Reached XP level 2. HP: 13/24 MP: 2/2
   130 | D:1      | Quit the game

Vault maps used:
D:1:      dpeg_arrival_court, grunt_decor_mini_mirrors

Action                   || total
-------------------------++-------
Melee: Flail             ||    34

Vault maps used:
D:1:      dpeg_arrival_court, grunt_decor_mini_mirrors

Table legend:
 A = Turns spent in this place as a percentage of turns spent in the entire game.
 B = Non-inter-level travel turns spent in this place as a percentage of non-inter-level travel turns spent in the entire game.
 C = Inter-level travel turns spent in this place as a percentage of turns spent in this place.
 D = Turns resting spent in this place as a percentage of non-inter-level travel turns spent in this place.
 E = Turns spent auto-exploring this place as a percentage of non-inter-level travel turns spent in this place.
 F = Non-inter-level travel turns spent in this place divided by the number of levels of this place that you've seen.
                   A       B       C       D       E      F
               +-------+-------+-------+-------+-------+----------------------
         Total | 100.0 | 100.0 |   0.0 |   0.0 |   5.5 | 128.0
       Dungeon | 100.0 | 100.0 |   0.0 |   0.0 |   5.5 | 128.0
               +-------+-------+-------+-------+-------+----------------------

Table legend:
 A = Kills in this place as a percentage of kills in entire the game.
 B = Kills by you in this place as a percentage of kills by you in the entire game.
 C = Kills by friends in this place as a percentage of kills by friends in the entire game.
 D = Other kills in this place as a percentage of other kills in the entire game.
 E = Experience gained in this place as a percentage of experience gained in the entire game.
 F = Experience gained in this place divided by the number of levels of this place that you have seen.
                   A       B       C       D       E      F
               +-------+-------+-------+-------+-------+----------------------
         Total | 100.0 | 100.0 |  -nan |  -nan | 100.0 |  13.0
       Dungeon | 100.0 | 100.0 |  -nan |  -nan | 100.0 |  13.0
               +-------+-------+-------+-------+-------+----------------------
